Map: King's Cove LE

Players

OGZest (Zest) - Winner!

  • Race: Protoss Protoss
  • Spawn Location: 11:00

soO

  • Race: Zerg Zerg
  • Spawn Location: 5:00

Event: HomeStory Cup XIX

VOD

Have the link to the VOD?

Description

Time

  • Played on: June 30, 2019, 2:53 p.m.
  • Length: 12:41

All games in this series

Show
View Real Time Build Order
Export as new Build Order

OGZest Protoss - Winner!

Build Orders: 1 Gate Expand, Archon Immortal, Archon Drop, Dark Templar Rush 

Get SALT Encoding   

  12  0:00  Probe  
  13  0:12  Probe  
  14  0:18  Pylon  
  14  0:25  Probe  
  15  0:33  Probe  
  15  0:38  Gateway  
  15  0:41  Probe  
  16  0:48  Assimilator  
  17  0:51  Probe  
  18  1:03  Probe  
  19  1:15  Probe  
  20  1:32  Nexus  
  20  1:37  Cybernetics Core  
  20  1:40  Probe  
  20  1:45  Assimilator  
  21  1:52  Probe  
  22  1:56  Pylon  
  22  2:04  Probe, Adept  
  23  2:14  Warp Gate  
  25  2:16  Probe  
  26  2:28  Probe  
  27  2:37  Stalker  
  27  2:38  Probe  
  27  2:41  Probe  
  27  2:43  Twilight Council  
  30  2:46  Probe  
  30  2:49  Probe  
  32  2:55  Probe  
  33  3:00  Probe  
  33  3:04  Robotics Facility  
  35  3:07  Probe  
  35  3:12  Probe  
  37  3:19  Probe  
  38  3:24  Probe  
  39  3:28  Dark Shrine  
  39  3:31  Probe  
  40  3:36  Probe  
  40  3:40  Warp Prism  
  41  3:41  Gateway  
  41  3:42  Gateway  
  41  3:43  Gateway  
  41  3:54  Probe  
  45  3:57  Pylon  
  45  4:02  Adept  
  46  4:05  Assimilator  
  46  4:07  Assimilator  
  46  4:15  Probe x2  
  48  4:17  Pylon  
  48  4:27  Probe x2  
  50  4:36  Pylon  
  50  4:39  Probe x2  
  50  4:42  Pylon  
  52  4:46  Dark Templar x3  
  52  4:47  Dark Templar  
  58  5:08  Nexus  
  58  5:09  Immortal  
  60  5:23  Pylon  
  60  5:24  Probe x2  
  62  5:36  Probe x2  
  62  5:37  Forge  
  62  5:40  Pylon  
  62  5:41  Observer, Dark Templar  
  62  5:42  Sentry x3  
  68  5:46  Shield Battery  
  73  5:50  Archon  
  73  5:51  Archon  
  73  5:54  Pylon  
  74  5:57  Probe x2  
  75  6:05  Immortal  
  75  6:09  Probe x2  
  77  6:17  Charge  
  81  6:20  Probe  
  81  6:21  Probe x2, Protoss Ground Weapons Level 1  
  85  6:32  Probe  
  85  6:33  Probe  
  86  6:40  Stargate  
  86  6:41  Stargate  
  86  6:42  Assimilator  
  86  6:45  Assimilator  
  86  6:48  Probe x3  
  86  6:50  Pylon  
  89  7:00  Probe x2  
  89  7:03  Photon Cannon, Pylon  
  89  7:05  Photon Cannon  
  89  7:09  Photon Cannon, Immortal  
  89  7:10  Probe  
  89  7:12  Probe x2  
  89  7:13  Photon Cannon  
  92  7:16  Phoenix x2  
  92  7:21  Photon Cannon  
  100  7:31  Photon Cannon  
  100  7:33  Phoenix  
  100  7:34  Phoenix  
  100  7:38  Protoss Air Weapons Level 1  
  102  7:54  Phoenix  
  102  7:55  Phoenix  
  102  7:58  Pylon  
  102  7:59  Probe x3  
  109  8:06  Immortal  
  109  8:11  Pylon  
  113  8:13  Pylon  
  113  8:14  Pylon  
  113  8:17  Sentry x2  
  113  8:18  Zealot x2  
  113  8:19  Phoenix x2  
  124  8:34  Protoss Ground Weapons Level 2  
  124  8:38  Pylon  
  124  8:44  Phoenix x2  
  128  9:01  Stalker x4  
  134  9:09  Phoenix x2  
  137  9:10  Probe x2  
  137  9:15  Probe  
  135  9:22  Probe  
  136  9:27  Phoenix x2  
  136  9:37  Probe x2  
  142  9:40  Zealot x4  
  142  9:43  Pylon  
  142  9:44  Gateway  
  150  9:46  Gateway  
  150  9:51  Gateway  
  146  9:53  Gateway  
  146  9:55  Gateway  
  142  10:01  Immortal  
  142  10:02  Stalker x4  
  139  10:22  Probe x2  
  141  10:32  Phoenix  
  141  10:33  Immortal, Phoenix  
  145  10:42  Photon Cannon  
  147  11:04  Zealot x9  
  153  11:05  Nexus  
  165  11:12  Pylon  
  165  11:15  Pylon  
  165  11:19  Observer  
  165  11:25  Pylon  
  166  11:36  Templar Archives  
  166  11:38  Dark Templar x4  
  166  11:39  Dark Templar  
  176  11:40  Dark Templar  
  176  11:44  Archon x2  
  176  11:45  Sentry x3  
  184  12:10  Zealot x3  
  184  12:11  Zealot x3  
  192  12:17  Archon  
  186  12:29  Zealot x3  
Show
View Real Time Build Order
Export as new Build Order

soO Zerg 

Build Orders: Hatch First 

Get SALT Encoding   

  12  0:00  Drone  
  13  0:12  Overlord  
  13  0:17  Drone  
  14  0:31  Drone x2  
  14  0:35  Drone  
  17  0:53  Hatchery  
  16  0:57  Drone  
  16  1:00  Drone  
  18  1:13  Extractor  
  18  1:16  Spawning Pool  
  16  1:22  Drone  
  16  1:24  Drone  
  18  1:35  Drone  
  18  1:39  Drone  
  20  1:49  Drone  
  21  1:56  Hatchery  
  21  2:00  Drone  
  21  2:07  Drone  
  22  2:13  Queen  
  24  2:20  Drone  
  25  2:23  Drone  
  25  2:29  Overlord  
  26  2:36  Queen  
  28  2:46  Drone  
  28  2:49  Drone  
  28  2:51  Drone  
  30  2:52  Drone  
  30  2:57  Drone x2  
  33  3:04  Zergling x2  
  34  3:08  Queen  
  34  3:12  Drone  
  37  3:14  Drone  
  37  3:15  Drone  
  37  3:18  Drone  
  40  3:24  Drone x2  
  42  3:31  Lair  
  42  3:36  Roach Warren  
  42  3:37  Drone  
  42  3:39  Overlord  
  42  3:41  Extractor  
  42  3:42  Queen, Extractor  
  42  3:50  Overlord  
  42  3:57  Drone x7  
  42  3:58  Drone  
  50  4:08  Overlord  
  50  4:09  Drone x3  
  53  4:16  Roach x2  
  57  4:23  Drone  
  58  4:28  Roach  
  58  4:30  Overseer  
  58  4:31  Glial Reconstitution, Overseer  
  60  4:32  Roach x2  
  64  4:39  Roach  
  64  4:40  Overlord  
  64  4:41  Overlord  
  64  4:44  Overseer  
  66  4:50  Overlord  
  66  4:54  Overlord  
  66  5:00  Drone x3  
  66  5:03  Drone x4  
  66  5:04  Drone  
  69  5:08  Drone x4  
  69  5:09  Drone  
  68  5:21  Roach x2  
  72  5:29  Spire  
  72  5:30  Drone x3  
  72  5:32  Drone  
  72  5:33  Drone  
  72  5:34  Drone  
  78  5:35  Drone  
  78  5:42  Drone x2  
  80  5:43  Drone x2  
  80  5:46  Extractor x2  
  80  5:49  Queen  
  82  5:54  Roach x3  
  88  5:59  Drone  
  88  6:02  Overlord  
  88  6:03  Overlord  
  89  6:10  Overlord  
  89  6:19  Overlord  
  89  6:20  Overlord x2  
  89  6:31  Drone x2  
  88  6:36  Drone x2  
  88  6:37  Drone  
  88  6:39  Drone  
  90  6:43  Mutalisk x7  
  103  6:52  Queen  
  102  7:02  Roach x7  
  102  7:04  Overlord  
  116  7:12  Roach  
  116  7:15  Ravager  
  119  7:17  Roach x3  
  125  7:33  Roach x6  
  125  7:34  Overlord  
  125  7:35  Overseer, Hatchery  
  136  7:37  Overlord  
  136  7:43  Drone x2  
  138  7:44  Overlord  
  138  7:49  Hydralisk Den, Drone  
  138  7:52  Drone, Evolution Chamber  
  138  7:53  Drone x3  
  138  7:55  Drone  
  142  8:02  Drone x2  
  142  8:04  Drone x2  
  146  8:08  Drone x3  
  146  8:09  Drone x2, Overlord  
  151  8:21  Grooved Spines  
  151  8:22  Hydralisk x4, Zerg Missile Weapons Level 1  
  151  8:25  Baneling Nest  
  158  8:30  Hydralisk x3  
  164  8:35  Metabolic Boost  
  162  8:54  Hydralisk  
  162  8:55  Hydralisk x5  
  171  9:00  Overlord x2  
  163  9:16  Overlord x2  
  161  9:17  Overlord  
  159  9:28  Hydralisk x2  
  153  9:41  Overlord x2  
  153  9:43  Overlord  
  151  9:45  Overlord  
  151  9:46  Spore Crawler  
  151  9:47  Spore Crawler  
  151  9:48  Overlord  
  148  9:53  Overlord  
  148  9:55  Overlord  
  148  9:59  Overlord  
  135  10:00  Overlord x3  
  135  10:04  Hydralisk x6, Overlord  
  127  10:07  Hydralisk  
  127  10:10  Hydralisk  
  127  10:12  Hydralisk  
  125  10:15  Hydralisk  
  125  10:20  Hydralisk  
  127  10:22  Zerg Melee Weapons Level 1  
  127  10:25  Hydralisk  
  121  10:29  Hydralisk  
  121  10:30  Zergling x4  
  121  10:34  Hydralisk  
  117  10:41  Queen x3  
  121  10:44  Hydralisk  
  121  10:46  Hydralisk  
  121  10:47  Zergling x4  
  121  10:48  Zergling x8  
  129  10:51  Hydralisk  
  129  11:00  Queen, Overlord x2  
  129  11:04  Hydralisk x3  
  128  11:05  Zergling x12  
  140  11:12  Muscular Augments  
  140  11:19  Zergling x2  
  140  11:20  Zergling x10  
  140  11:22  Spore Crawler  
  145  11:31  Drone x4  
  145  11:32  Spore Crawler  
  148  11:40  Overseer  
  148  11:44  Zergling x16  
  148  11:46  Overlord  
  156  11:48  Baneling  
  156  11:49  Baneling x3  
  154  11:54  Zergling x10  
  154  11:59  Zergling x2  
  154  12:00  Zergling x8  
  158  12:07  Baneling x6  
  149  12:09  Zergling x10  
  145  12:16  Baneling x8  
  145  12:21  Zergling x6  
Tags
 
Add a new tag
Caveats
  • Supply blocks, unpowered buildings, or Contaminate may cause inaccurate times.
  • Supply counts are checked every 10 seconds.